 Dungeon Crawl Stone Soup version 0.30-a0-728-gc68057be0a (webtiles) character file.

Game seed: 4437044273846853839

1263 xian the Caller (level 8, 0/54 HPs)
             Began as a Demonspawn Summoner on Feb 1, 2023.
             Slain by an orc priest
             ... wielding a +0 mace
              (5 damage)
             ... on level 6 of the Dungeon.
             The game lasted 00:19:58 (4214 turns).

xian the Caller (Demonspawn Summoner)               Turns: 4214, Time: 00:19:58

Health: 0/54       AC:  3    Str:  8    XL:     8   Next: 27%
Magic:  0/15       EV: 12    Int: 18    God:
Gold:   179        SH:  4    Dex: 17    Spells: 8/17 levels left

rFire   . . .      SeeInvis .    t - +1 hammer (distort)
rCold   . . .      Faith    .    (no shield)
rNeg    . . .      Spirit   +    q - +0 leather armour
rPois   .          Reflect  .    (no helmet)
rElec   .          Harm     .    (no cloak)
rCorr   .          Rampage  .    (no gloves)
Will    .....                    (no boots)
Stlth   +++                      r - amulet of guardian spirit
HPRegen 0.29/turn                (no ring)
MPRegen 0.28/turn                (no ring)

@: attractive
A: thin skeletal structure 1, magic shield, magic regeneration, condensation
shield, demonic touch 2
a: no special abilities


You were on level 6 of the Dungeon.
You visited 1 branch of the dungeon, and saw 6 of its levels.

You collected 232 gold pieces.
You spent 53 gold pieces at shops.

Inventory:

Hand Weapons
 h - a +0 spear
 p - a +0 short sword
 s - the +4 hammer of the Hero {antimagic, rElec rF+ Str+2}
   (You found it on level 2 of the Dungeon)

   Str:       It affects your strength (+2).
   rF:        It protects you from fire.
   rElec:     It insulates you from electricity.
 t - a +1 hammer of distortion (weapon)
Missiles
 g - 36 stones (quivered)
 m - 5 poisoned darts
Armour
 q - a +0 leather armour (worn)
Magical Staves
 B - a staff of conjuration
Jewellery
 r - an amulet of guardian spirit (around neck)
 y - an amulet of the acrobat
Wands
 F - a wand of polymorph (8)
Scrolls
 e - 3 scrolls of noise {unknown}
 f - 6 scrolls of teleportation {unknown}
 l - 2 scrolls of blinking
 n - 2 scrolls of fog
 w - a scroll of poison {unknown}
 x - a scroll of enchant armour
 C - a scroll of fear {unknown}
 D - a scroll of silence {unknown}
Potions
 a - 2 potions of curing {unknown}
 b - a potion of magic
 c - 2 potions of attraction
 d - a potion of heal wounds {unknown}
 i - 2 potions of resistance {unknown}
 j - a potion of berserk rage {unknown}
 k - a potion of brilliance {unknown}
 o - a potion of degeneration {unknown}
 u - 2 potions of might {unknown}
 v - a potion of invisibility
 z - 2 potions of lignification {unknown}
 A - a potion of cancellation {unknown}
 E - a potion of mutation {unknown}


   Skills:
 + Level 1.4 Fighting
 + Level 2.3 Maces & Flails
 + Level 0.5 Polearms
 + Level 1.0 Throwing
 * Level 4.2 Armour
 + Level 2.3 Dodging
 + Level 2.4 Stealth
 + Level 0.7 Shields
 + Level 5.0 Spellcasting
 + Level 1.0 Hexes
 + Level 6.3 Summonings


You had 8 spell levels left.
You knew the following spells:

 Your Spells              Type           Power      Damage    Failure   Level
a - Summon Small Mammal   Summ           100%       N/A       1%          1
b - Call Imp              Summ           27%        N/A       1%          2
c - Call Canine Familiar  Summ           27%        N/A       4%          3
d - Summon Guardian Gole  Hex/Summ       17%        N/A       12%         3

Your spell library contained the following spells:

 Spells                   Type           Power      Damage    Failure   Level
 Freeze                   Ice            16%        1d4       19%         1
 Sandblast                Erth           8%         2d5       19%         1
 Passwall                 Tmut/Erth      3%         N/A       26%         2
 Summon Lightning Spire   Summ/Air       16%        N/A       43%         4
 Frozen Ramparts          Ice            8%         1d2       47%         3
 Hailstorm                Conj/Ice       4%         3d4       47%         3
 Stone Arrow              Conj/Erth      8%         3d7       47%         3


Dungeon Overview and Level Annotations

Branches:
Dungeon (6/15)
 Temple: D:4-7

Altars:

Shops:
D:3 (**(

Annotations:
Abyss:1 Crazy Yiuf


Innate Abilities, Weirdness & Mutations

You have a somewhat thin skeletal structure. (Dex +2, Stealth+)
When hurt, damage is shared between your health and your magic reserves.
You regenerate magic rapidly.
A meltable shield of frost defends you. (SH +4)
Your touch may inflict irresistible damage on your foes.


Message History

Your crimson imp blinks!
You feel sick.
The orc priest invokes the aid of Beogh against you.
Beogh smites you!
* * * LOW HITPOINT WARNING * * *
Your crimson imp hits the orc priest.
The howler monkey hoots and howls with incredible vigour!
You hear a shout! x2
You closely miss the adder.
You touch the adder.
You kill the adder!
You feel sick.
Your rat disappears in a puff of smoke!
Your crimson imp misses the orc priest.
The orc hits you with a +0 dagger.
* * * LOW HITPOINT WARNING * * *
Unknown command.
You hit the orc.
You kill the orc!
You feel sick.
The howler monkey hits you but does no damage.
Unknown command.
Casting: Summon Small Mammal (safe; 1% risk of failure)
Confirm with . or Enter, or press ? or * to list all spells.
You feel sick.
You are no longer poisoned.
You block the howler monkey's attack.
Your crimson imp hits the orc priest but does no damage.
You hit the howler monkey but do no damage.
Space warps around the howler monkey.
Your touch misses the howler monkey.
The howler monkey is moderately wounded.
The howler monkey hits you.
* * * LOW HITPOINT WARNING * * *
The orc priest hits you with a +0 mace.
* * * LOW HITPOINT WARNING * * *
Your crimson imp blinks!
You block the howler monkey's attack.
Your hound bites the howler monkey.
Unknown command.
It was a potion of attraction.
You feel attractive to monsters. The orc priest hits you with a +0 mace.
You die...

#.#. .... #..##....
# #..#.#.. #.#
###...#.# ...#
#......#
####.###......#.#
##.......h......#.#
......#@h.......#
#.#...#.o.).5.....
#.#.#.#.).).......
#.....#.)†).....##
#.......##.....#.#
###.######....#.#.
######.###
.....##.#
#........##.....#.
#. #.##.#........
#.


You could see a howler monkey (ally target), an orc priest, a friendly hound
(summoned) and a friendly crimson imp (summoned).

Vanquished Creatures
  An ogre (D:3)
  A phantom (D:4)
  A scorpion (D:5)
  A hound (D:5)
  2 iguanas
  2 orc wizards
  2 gnolls (D:5)
  5 adders
  An ufetubus (D:5)
  A worm (D:4)
  A dart slug (D:4)
  6 orcs
  A bat (D:3)
  2 endoplasms (D:2)
  A giant cockroach (D:4)
  7 goblins
  3 hobgoblins
  2 quokkas
  2 ball pythons
  2 kobolds
  3 rats
47 creatures vanquished.

Vanquished Creatures (collateral kills)
  A black bear (D:4)
  2 hounds
  An iguana (D:4)
  2 gnolls (D:5)
  2 adders
  A white imp (D:5)
  4 worms
  A dart slug (D:2)
  9 orcs
  2 ball pythons
  5 endoplasms
  3 giant cockroaches
  9 goblins
  5 hobgoblins
  2 quokkas
  A bat (D:2)
  4 kobolds
  4 rats
58 creatures vanquished.

Vanquished Creatures (others)
  The ghost of baller8008 the Conjurer, a novice DECj of Dithmenos (D:5)
  An ogre (D:5)
  3 wights (D:6)
  An adder (D:6)
  An orc (D:6)
  A fungus (D:2)
8 creatures vanquished.

Grand Total: 113 creatures vanquished

Notes
Turn   | Place    | Note
-------+----------+-------------------------------------------
     0 | D:1      | xian the Demonspawn Summoner began the quest for the Orb.
     0 | D:1      | Reached XP level 1. HP: 13/13 MP: 3/3
   389 | D:1      | Gained mutation: A meltable shield of frost defends you.
                  | (SH +4) [demonic ancestry]
   389 | D:1      | Reached XP level 2. HP: 19/19 MP: 3/5
   780 | D:1      | Learned a level 2 spell: Call Imp
  1033 | D:2      | Gained mutation: You regenerate magic rapidly. [demonic
                  | ancestry]
  1033 | D:2      | Reached XP level 3. HP: 20/24 MP: 1/6
  1242 | D:2      | Learned a level 3 spell: Call Canine Familiar
  1467 | D:2      | Found a runed translucent door.
  1467 | D:2      | Identified the +4 hammer of the Hero {antimagic, rElec rF+
                  | Str+2}
  1469 | D:2      | Noticed Crazy Yiuf
  1483 | D:2      | Banished Crazy Yiuf
  1484 | D:2      | Reached skill level 1 in Armour
  1484 | D:2      | Gained mutation: Your touch may inflict minor irresistible
                  | damage on your foes. [demonic ancestry]
  1484 | D:2      | Reached XP level 4. HP: 12/30 MP: 1/7
  1999 | D:3      | Found a faded altar of an unknown god.
  2031 | D:3      | Found Tivyurghe's Assorted Antiques.
  2063 | D:3      | Bought a scroll labelled RYXTAMMAME for 28 gold pieces
  2063 | D:3      | Bought a pink potion for 25 gold pieces
  2196 | D:3      | Found Utiowk's General Store.
  2354 | D:3      | Reached skill level 5 in Summonings
  2386 | D:3      | Found Peeduag's Antique Weapon Shoppe.
  2447 | D:3      | Found Uroarphush's Antique Weapon Boutique.
  2466 | D:3      | Noticed an ogre
  2470 | D:3      | Gained mutation: Your touch may inflict irresistible damage
                  | on your foes. [demonic ancestry]
  2470 | D:3      | Reached XP level 5. HP: 28/35 MP: 5/9
  2492 | D:3      | Killed an ogre
  2619 | D:3      | Learned a level 3 spell: Summon Guardian Golem
  2681 | D:4      | Reached XP level 6. HP: 39/42 MP: 3/10
  2742 | D:4      | Reached skill level 1 in Maces & Flails
  3027 | D:4      | Reached skill level 1 in Fighting
  3077 | D:4      | Gained mutation: You have a somewhat thin skeletal
                  | structure. (Dex +2, Stealth+) [demonic ancestry]
  3077 | D:4      | Reached XP level 7. HP: 44/48 MP: 9/12
  3374 | D:5      | Entered Level 5 of the Dungeon
  3605 | D:5      | Reached skill level 1 in Throwing
  3985 | D:5      | Found a runed translucent door.
  3994 | D:5      | Noticed baller8008's ghost (novice DECj)
  4039 | D:5      | Found a runed translucent door.
  4075 | D:5      | Killed baller8008's ghost
  4076 | D:5      | Reached skill level 6 in Summonings
  4076 | D:5      | Gained mutation: When hurt, damage is shared between your
                  | health and your magic reserves. [demonic ancestry]
  4076 | D:5      | Reached XP level 8. HP: 51/54 MP: 13/15
  4199 | D:6      | Reached skill level 5 in Spellcasting
  4199 | D:6      | Reached skill level 1 in Hexes
  4214 | D:6      | Slain by an orc priest

Illustrated notes

Levels and vault maps discovered:
D:1:      nicolae_arrival_somewhat_less_tricky_arrival, layout_loops_cross
D:2:      layout_basic, uniq_crazy_yiuf_cottage
D:3:      layout_loops_ring, amcnicky_altar_gilded, serial_shops, shop,
          nicolae_shop_overgrown_old_shop, nicolae_shop_behind_doors,
          nicolae_shop_statue_plus, basic_ecumenical_altar, minmay_ogre_servants
D:4:      layout_gridville, serial_rivers, chequers_serial_rivers_small_b,
          chequers_serial_rivers_micro_a, chequers_serial_rivers_micro_a,
          chequers_serial_rivers_micro_d
D:5:      layout_basic, ebering_ghost_sewer_f, minmay_misc_feat_plants
D:6:      layout_loops_cross, nicolae_ashenzari_panopticon,
          kennysheep_mini_moat, minmay_misc_feat_secret_circle

Skill      XL: |  1  2  3  4  5  6  7  8 |
---------------+-------------------------+-----
Stealth        | 2 |  2.4
Armour         | 1 2 4 |  4.2
Summonings     | 5 6 |  6.3
Spellcasting   | 3 4 5 |  5.0
Maces & Flails | 1 2 |  2.3
Dodging        | 2 |  2.3
Fighting       | 1 |  1.4
Throwing       | 1 |  1.0
Hexes          | 1 |  1.0
Polearms       | |  0.5
Shields        | |  0.7

Action                     |  1- 3 |  4- 6 |  7- 9 || total
---------------------------+-------+-------+-------++-------
  Melee: Spear             |    51 |       |       ||    51
         Unarmed           |     3 |       |       ||     3
         Punch             |     1 |       |     3 ||     4
         Mace              |     2 |    54 |    41 ||    97
         Touch             |       |     4 |     5 ||     9
  Throw: Stone             |     5 |    17 |    12 ||    34
   Cast: Summon Small Mamm |    28 |       |     2 ||    30
         Call Imp          |     9 |     9 |     7 ||    25
         Call Canine Famil |     4 |    14 |    11 ||    29
         Summon Guardian G |       |     2 |     6 ||     8
    Use: Scroll            |       |     4 |       ||     4
         Potion            |       |       |     1 ||     1
   Stab: Sleeping          |       |     1 |       ||     1
         Distracted        |       |       |     1 ||     1
 Armour: Robe              |     9 |       |       ||     9
         Leather armour    |     8 |    18 |    13 ||    39
  Dodge: Dodged            |    47 |    35 |    48 ||   130
  Block: Other             |    11 |    11 |    14 ||    36

Table legend: (Time is in decaauts)
 A = Elapsed time spent in this place.
 B = Non-inter-level travel time spent in this place.
 C = Inter-level travel time spent in this place.
 D = Time resting spent in this place.
 E = Time spent auto-exploring this place.
 F = Levels seen in this place.
 G = Mean time per level.
                   A        B        C        D        E       F      G
               +--------+--------+--------+--------+--------+-----+--------+
         Total |   4260 |   4134 |    126 |      0 |   2452 |   6 |  710.0 |
       Dungeon |   4260 |   4134 |    126 |      0 |   2452 |   6 |  710.0 |
               +--------+--------+--------+--------+--------+-----+--------+

Top non-repeatable levels by time:
     D:2: 989 daAuts
     D:1: 888 daAuts
     D:5: 813 daAuts
     D:4: 769 daAuts
     D:3: 756 daAuts
     D:6: 43 daAuts
